 Dungeon Crawl Stone Soup version 0.30-a0-847-g17996783a1 (webtiles) character file.

Game seed: 17904375815689089900

79 cforsyth the Sneak (level 4, -2/28 HPs)
             Began as a Kobold Brigand on Mar 3, 2023.
             Slain by an orc priest
             ... wielding a +0 dagger
              (5 damage)
             ... on level 3 of the Dungeon.
             The game lasted 00:02:02 (1703 turns).

cforsyth the Sneak (Kobold Brigand)                 Turns: 1703, Time: 00:02:03

Health: -2/28      AC:  3    Str:  8    XL:     4   Next: 62%
Magic:  4/4        EV: 30    Int: 12    God:
Gold:   74         SH:  0    Dex: 18    Spells: 3/3 levels left

rFire   . . .      SeeInvis .    a - +2 dagger
rCold   . . .      Faith    .    (no shield)
rNeg    . . .      Spirit   .    b - +0 robe
rPois   .          Reflect  .    (no helmet)
rElec   .          Rampage  .    c - +0 cloak
rCorr   .                        (no gloves)
Will    .....                    (no boots)
Stlth   ++++                     h - amulet of the acrobat
HPRegen 0.24/turn                (no ring)
MPRegen 0.09/turn                (no ring)

@: acrobatic
A: small, no large weapons, nightstalker 3
a: no special abilities


You were on level 3 of the Dungeon.
You visited 1 branch of the dungeon, and saw 3 of its levels.

You collected 74 gold pieces.

Inventory:

Hand Weapons
 a - a +2 dagger (weapon)
Missiles
 d - 9 poisoned darts (quivered)
 e - 3 curare-tipped darts
Armour
 b - a +0 robe (worn)
 c - a +0 cloak (worn)
Jewellery
 h - an amulet of the acrobat (around neck)
Scrolls
 f - 2 scrolls of identify {unknown}
 g - a scroll of brand weapon {unknown}
 j - a scroll of enchant armour {unknown}
 l - 3 scrolls of magic mapping {unknown}
 n - a scroll of teleportation {unknown}
Potions
 i - 2 potions of might {unknown}
 k - a potion of attraction {unknown}
 m - a potion of mutation {unknown}
 o - a potion of magic {unknown}


   Skills:
 + Level 3.0 Fighting
 + Level 3.8 Short Blades
 - Level 2.1 Throwing
 + Level 2.7 Dodging
 + Level 6.0 Stealth


You had 3 spell levels left.
You didn't know any spells.
Your spell library was empty.

Dungeon Overview and Level Annotations

Branches:
Dungeon (3/15)

Altars:
Cheibriados
Elyvilon
Okawaru

Annotations:
D:2 Sigmund


Innate Abilities, Weirdness & Mutations

You are small and have problems with some larger weapons.
You are completely attuned to the shadows.


Message History

The orc priest begins to cast a cantrip, but forgets the words!
You hit the orc priest but do no damage.
The orc hits you with a +0 falchion. The orc priest closely misses you.
You hit the orc priest but do no damage.
The orc hits you with a +0 falchion.
The orc priest hits you with a +0 dagger.
You hit the orc priest but do no damage.
You hit the orc priest but do no damage.
The orc hits you but does no damage.
The orc priest begins to cast a cantrip, but forgets the words!
You barely miss the orc priest. The orc closely misses you.
The orc priest hits you with a +0 dagger.
You hit the orc priest but do no damage.
The orc misses you.
The orc priest hits you with a +0 dagger.
You hit the orc priest but do no damage.
The orc hits you with a +0 falchion.
The orc priest hits you with a +0 dagger.
You are too injured to fight recklessly!
You are too injured to fight recklessly!
You are too injured to fight recklessly!
You are too injured to fight recklessly!
You are too injured to fight recklessly!
You are too injured to fight recklessly!
You are too injured to fight recklessly!
You hit the orc priest but do no damage.
You hit the orc priest but do no damage.
The orc barely misses you.
The orc priest hits you with a +0 dagger.
You hit the orc priest.
The orc priest is lightly wounded.
The orc hits you with a +0 falchion.
* * * LOW HITPOINT WARNING * * *
The orc priest hits you with a +0 dagger.
* * * LOW HITPOINT WARNING * * *
The orc attacks as you move away! The orc barely misses you.
The orc priest misses you.
The orc priest attacks as you move away!
The orc priest hits you with a +0 dagger.
You die...

#.###...#.###..##...).#
##.... .....#....#
#.......### #######
####.#.#### ##.#......
...### ###.....#
#.#......# ##.#
#.......######.#......#
#.
#.#...†.....##.#......#
#.#......_.....#......#
..#........#####oo....#
###......#......@......
######+#.#........)....
...... # ####.########.
...## .#....######
.#..# #...........#
.##.# #..........## #
.##.# ##..........# ..
. #.# #...........#.#
#.#.#.# #.........#.#


You could see an orc priest and an orc.

Vanquished Creatures
  2 adders
  2 worms (D:3)
  2 dart slugs
  2 orcs (D:3)
  6 ball pythons
  4 endoplasms
  5 goblins
  4 hobgoblins
  A kobold (D:1)
  3 quokkas
  7 bats
  A frilled lizard (D:3)
  6 rats
45 creatures vanquished.

Notes
Turn   | Place    | Note
-------+----------+-------------------------------------------
     0 | D:1      | cforsyth the Kobold Brigand began the quest for the Orb.
     0 | D:1      | Reached XP level 1. HP: 12/12 MP: 1/1
   159 | D:1      | Reached XP level 2. HP: 18/18 MP: 2/2
   454 | D:1      | Reached XP level 3. HP: 22/22 MP: 3/3
   704 | D:2      | Found an iron altar of Okawaru.
   757 | D:2      | Noticed Sigmund
   963 | D:3      | Reached XP level 4. HP: 27/27 MP: 4/4
  1135 | D:3      | Found a white marble altar of Elyvilon.
  1286 | D:3      | Reached skill level 6 in Stealth
  1533 | D:3      | Found a snail-covered altar of Cheibriados.
  1703 | D:3      | Slain by an orc priest

Illustrated notes

Levels and vault maps discovered:
D:1:      lemuel_arrival_cross, layout_basic, serial_bayou_crossing
D:2:      layout_basic, basic_altar, uniq_sigmund
D:3:      layout_basic, mainiacjoe_overflow_alcove_4, cheibriados_altar_1,
          serial_co_window_serial, co_window_of_opportunity_a,
          co_window_corner_a, co_window_paths_b, co_window_corner_a,
          co_window_paths_a, co_window_paths_b, co_window_broadway_a,
          co_window_broadway_b, co_window_2corner, co_window_paths_c,
          co_window_paths_d, glass_columns_b, due_unseen_surprise

Skill      XL: |  1  2  3  4 |
---------------+-------------+-----
Short Blades   | 3 |  3.8
Dodging        | 2 |  2.7
Stealth        | 6 |  6.0
Fighting       | 3 |  3.0
Throwing       | |  2.1

Action                     |  1- 3 |  4- 6 || total
---------------------------+-------+-------++-------
  Melee: Dagger            |    55 |    57 ||   112
         Punch             |       |     1 ||     1
   Stab: Sleeping          |    20 |     5 ||    25
         Distracted        |     1 |     1 ||     2
 Armour: Robe              |     8 |     6 ||    14
  Dodge: Dodged            |    38 |    20 ||    58

Table legend: (Time is in decaauts)
 A = Elapsed time spent in this place.
 B = Non-inter-level travel time spent in this place.
 C = Inter-level travel time spent in this place.
 D = Time resting spent in this place.
 E = Time spent auto-exploring this place.
 F = Levels seen in this place.
 G = Mean time per level.
                   A        B        C        D        E       F      G
               +--------+--------+--------+--------+--------+-----+--------+
         Total |   1693 |   1673 |     20 |      0 |   1357 |   3 |  564.3 |
       Dungeon |   1693 |   1673 |     20 |      0 |   1357 |   3 |  564.3 |
               +--------+--------+--------+--------+--------+-----+--------+

Top non-repeatable levels by time:
     D:3: 905 daAuts
     D:1: 691 daAuts
     D:2: 97 daAuts
